 Dungeon Crawl Stone Soup version 0.28.0-1-gb440e238dd (webtiles) character file.

Game seed: 10137585990379962165

198 themarg the Conjurer (level 5, 0/28 HPs)
             Began as a Tengu Conjurer on Feb 23, 2022.
             Slain by a centaur (1 damage)
             ... on level 3 of the Dungeon.
             The game lasted 00:12:03 (3102 turns).

themarg the Conjurer (Tengu Conjurer)               Turns: 3102, Time: 00:12:04

Health: 0/28       AC:  2    Str:  8    XL:     5   Next: 76%
Magic:  0/10       EV: 15    Int: 20    God:
Gold:   22         SH:  0    Dex: 12    Spells: 7/10 levels left

rFire   . . .      SeeInvis .   l - +4 mace (venom)
rCold   . . .      Faith    .   (no shield)
rNeg    . . .      Spirit   +   a - +0 robe
rPois   .          Reflect  .   (helmet restricted)
rElec   .          Harm     .   (no cloak)
rCorr   .          Rampage  .   (no gloves)
Will    .....                   (boots unavailable)
Stlth   ++........              i - amulet of guardian spirit
HPRegen 0.09/turn               (no ring)
MPRegen 0.12/turn               (no ring)

@: flying quickly and evasively, quick
A: beak, talons 3, nimble flight
a: no special abilities


You were on level 3 of the Dungeon.
You visited 1 branch of the dungeon, and saw 3 of its levels.

You collected 74 gold pieces.
You spent 52 gold pieces at shops.

Inventory:

Hand Weapons
 b - a +0 dagger
 l - a +4 mace of venom (weapon)
Missiles
 f - 3 poisoned darts
 k - 75 stones
Armour
 a - a +0 robe (worn)
Magical Staves
 o - a staff of poison
Jewellery
 i - an amulet of guardian spirit (around neck)
Wands
 t - a wand of flame (7)
Scrolls
 d - 3 scrolls of torment
 e - a scroll of enchant armour {unknown}
 g - a scroll of enchant weapon {unknown}
 n - 2 scrolls of immolation
 p - a scroll of magic mapping {unknown}
 q - a scroll of teleportation {unknown}
Potions
 h - a potion of curing
 j - a potion of degeneration {unknown}
 m - a potion of brilliance {unknown}
 r - a potion of flight {unknown}
 s - a potion of heal wounds {unknown}


   Skills:
 + Level 0.2 Fighting
 + Level 0.5 Short Blades
 + Level 3.0 Dodging
 + Level 2.6 Stealth
 + Level 3.0 Spellcasting
 + Level 7.4 Conjurations


You had 7 spell levels left.
You knew the following spells:

 Your Spells              Type           Power      Damage    Failure   Level
a - Magic Dart            Conj           100%       1d8       1%          1
b - Searing Ray           Conj           64%        2d6       1%          2

Your spell library contained the following spells:

 Spells                   Type           Power      Damage    Failure   Level
 Dazzling Flash           Conj/Hex       34%        N/A       10%         3
 Freeze                   Ice            12%        1d4       14%         1
 Summon Small Mammal      Summ           12%        N/A       14%         1
 Ensorcelled Hibernation  Hex/Ice        6%         N/A       22%         2
 Passwall                 Tmut/Erth      2%         N/A       22%         2
 Fulminant Prism          Conj/Hex       8%         3d7       30%         4
 Hailstorm                Conj/Ice       17%        3d6       30%         4
 Iskenderun's Mystic Bla  Conj/Tloc      17%        2d5       30%         4
 Call Canine Familiar     Summ           3%         N/A       38%         3
 Frozen Ramparts          Ice            6%         1d2       38%         3
 Summon Guardian Golem    Hex/Summ       3%         N/A       38%         3
 Swiftness                Air            3%         N/A       38%         3


Dungeon Overview and Level Annotations

Branches:
Dungeon (3/15)

Altars:

Shops:
D:1 ?


Innate Abilities, Weirdness & Mutations

You have a beak for a mouth.
You have claws for feet.
Your magical nature lets you fly swiftly and evasively.


Message History

The arrow hits you!
Casting: Magic Dart (safe; 1% risk of failure)
Confirm with . or Enter, or press ? or * to list all spells.
Aiming: Searing Ray (safe; 1% risk of failure)
Press: ? - help, Shift-Dir - straight line, f - centaur, p - hobgoblin
Aim: a centaur, wielding a +0 shortbow, wearing a +0 barding and quivering arrows (91% to hit)
The searing ray hits the centaur.
The centaur is lightly wounded. (Press . to maintain the ray.)
The centaur shoots an arrow.
The arrow closely misses you.
The centaur shoots an arrow.
The arrow hits you!
Okay, then.
As you read the scroll labelled BOLELO YCRUO, it crumbles to dust.
It is a scroll of amnesia.
Really abort (and waste the scroll)?
Okay, then.
The centaur shoots an arrow.
The arrow hits you.
The centaur unwields a +0 shortbow.
The centaur closely misses you. x2
You completely miss the centaur. You claw the centaur, but do no damage.
The centaur is lightly wounded.
The centaur barely misses you. The centaur misses you.
A goblin comes into view. It is wielding a +0 dagger.
The centaur closely misses you. The centaur kicks you.
* * * LOW HITPOINT WARNING * * *
You hit the centaur.
The centaur is poisoned.
You claw the centaur.
The centaur is lightly wounded.
The centaur hits you.
* * * LOW HITPOINT WARNING * * *
The centaur kicks you.
* * * LOW HITPOINT WARNING * * *
The adder barely misses you. The centaur hits you.
* * * LOW HITPOINT WARNING * * *
The centaur kicks you.
* * * LOW HITPOINT WARNING * * *
The adder bites you but does no damage.
You barely miss the centaur. You peck the centaur.
The centaur is moderately wounded.
The centaur closely misses you. The centaur misses you. The adder misses you.
The centaur barely misses you. The centaur kicks you.
You die...

.... .............. #.... ....
#.#...c......#.#.#.# ....
............#...... #...
#...###.........#.# .... ###
###.... .g#..#...... ....
...###.....## #S##.#...# #...#
#.....##...###c#......#
###..###.)..##.#.##..†......#
... ...#.#..#..#@#........###
######.........Sc#.#.)..#.# ..
.........)...g....####.#
#######..............# ..
#...###........#.....# ##.
.....##......>.......######.##
#.....................†.......
#.....#.............)##.....##
##....###............# .......


You could see a centaur (very poisoned), an adder and a hobgoblin.

Vanquished Creatures
  Natasha (thrice) (D:3)
  3 gnolls (D:2)
  An adder (D:2)
  A worm (D:3)
  3 dart slugs (D:1)
  7 endoplasms
  2 giant cockroaches (D:2)
  10 goblins
  9 hobgoblins
  4 jackals
  5 quokkas
  2 ball pythons
  9 bats
  2 frilled lizards (D:3)
  6 kobolds
  4 rats
71 creatures vanquished.

Notes
Turn   | Place    | Note
-------+----------+-------------------------------------------
     0 | D:1      | themarg the Tengu Conjurer began the quest for the Orb.
     0 | D:1      | Reached XP level 1. HP: 10/10 MP: 4/4
   186 | D:1      | Reached XP level 2. HP: 15/15 MP: 3/6
   189 | D:1      | Learned a level 2 spell: Searing Ray
   411 | D:1      | Found Esmahoqo's Magic Scroll Shop.
   530 | D:1      | Reached skill level 6 in Conjurations
   547 | D:1      | Reached XP level 3. HP: 15/19 MP: 0/7
   782 | D:1      | Found a faded altar of an unknown god.
  1414 | D:2      | Reached XP level 4. HP: 24/24 MP: 0/8
  2224 | D:2      | Reached skill level 7 in Conjurations
  2524 | D:1      | Bought a scroll of identify for 26 gold pieces
  2524 | D:1      | Bought a scroll of identify for 26 gold pieces
  2612 | D:3      | Noticed Natasha
  2616 | D:3      | Killed Natasha
  2617 | D:3      | Gained mutation: Your magical nature lets you fly swiftly
                  | and evasively. [Tengu growth]
  2617 | D:3      | Reached XP level 5. HP: 27/28 MP: 2/9
  2626 | D:3      | Noticed Natasha
  2634 | D:3      | Killed Natasha
  2930 | D:3      | Noticed Natasha
  2933 | D:3      | Killed Natasha
  3085 | D:3      | Noticed a centaur
  3101 | D:3      | HP: 1/28 [centaur (1)]
  3102 | D:3      | Slain by a centaur

Illustrated notes

Levels and vault maps discovered:
D:1:      evilmike_arrival_hilbert_curve, layout_rooms,
          shapermc_ecumenical_altar_totnotflames, serial_shops,
          nicolae_shop_trees
D:2:      layout_loops_corners, minmay_goblin_kobold_house
D:3:      layout_rooms, minmay_ruptured, uniq_natasha

Skill      XL: |  1  2  3  4  5 |
---------------+----------------+-----
Conjurations   | 6 7 |  7.4
Dodging        | 3 |  3.0
Spellcasting   | 3 |  3.0
Fighting       | |  0.2
Short Blades   | |  0.5
Stealth        | |  2.6

Action                   |  1- 3 |  4- 6 || total
-------------------------+-------+-------++-------
Melee: Dagger            |    20 |     4 ||    24
       Kick              |     9 |     4 ||    13
       Peck              |     4 |     2 ||     6
       Punch             |     1 |       ||     1
       Mace              |       |    11 ||    11
 Cast: Magic Dart        |    48 |    45 ||    93
       Searing Ray       |     5 |     9 ||    14
  Use: Scroll            |       |     4 ||     4
 Stab: Sleeping          |       |     1 ||     1
Armor: Robe              |     7 |     3 ||    10
Dodge: Dodged            |    12 |    36 ||    48
